[Event "Titled Tuesday Blitz July 25 Early 2023"]
[White "Rangel, Daniel"]
[Black "Seemann, Jakub"]
[WhiteFideId "2124475"]
[BlackFideId "21874697"]
[WhiteElo "2440"]
[BlackElo "2654"]
[Result "0-1"]
[Round "6"]
[TimeControl "180+2"]
[Date "2023.07.25"]
[WhiteClock "0:00:00"]
[BlackClock "0:02:19"]
[Board "95"]

1. c4 e6 2. g3 d5 3. Bg2 Nf6 4. Nf3 c6 5. b3 Bd6 6. O-O Nbd7 7. Bb2 e5 8. d3 O-O 9. Nbd2 Re8 10. cxd5 cxd5 11. e4 d4 12. Nc4 Bc7 13. a4 Nf8 14. h3 Ng6 15. Nh2 Be6 16. Bc1 Bxc4 17. bxc4 h5 18. f4 h4 19. f5 hxg3 20. Ng4 Nf4 21. Nxf6+ Qxf6 22. Bxf4 exf4 23. Qg4 Be5 24. Rab1 b6 25. Rb5 Rac8 26. a5 Rc5 27. Rxc5 bxc5 28. Rb1 Qa6 29. Rb5 f3 30. Bxf3 Qh6 31. Rb2 Qe3+ 32. Kg2 Rb8 33. Rxb8+ Bxb8 34. h4 Qf2+ 0-1


[Site "https://www.chess.com"]

[Event "Titled Tuesday Blitz July 25 Early 2023"]
[White "Martic, Ivan"]
[Black "Pershina, Elena"]
[WhiteFideId "929301"]
[BlackFideId "24147516"]
[WhiteElo "2627"]
[BlackElo "2436"]
[Result "1-0"]
[Round "6"]
[TimeControl "180+2"]
[Date "2023.07.25"]
[WhiteClock "0:00:17"]
[BlackClock "0:00:58"]
[Board "96"]

1. c4 c6 2. d4 d5 3. cxd5 cxd5 4. Nc3 Nf6 5. Bf4 Nc6 6. e3 a6 7. Bd3 Bg4 8. f3 Bh5 9. Nge2 e6 10. O-O Bg6 11. Rc1 Bd6 12. Bxd6 Qxd6 13. a3 O-O 14. Na4 Nd7 15. Bxg6 hxg6 16. b4 e5 17. Nc5 Nxc5 18. Rxc5 exd4 19. Nxd4 Nxd4 20. Qxd4 Rad8 21. Rd1 Rfe8 22. e4 Qe5 23. Qxe5 Rxe5 24. Kf2 f5 25. Rcxd5 Rexd5 26. Rxd5 Rc8 27. exf5 gxf5 28. Rxf5 Rc2+ 29. Kg3 Ra2 30. Ra5 Kf7 31. b5 axb5 32. Rxb5 Rxa3 33. Rxb7+ Kg6 34. Rb6+ Kf7 35. h4 Ra2 36. Kh3 Ra3 37. Kg4 Ra4+ 38. f4 Ra2 39. g3 Ra3 40. Rc6 Ra4 41. h5 Rb4 42. Ra6 Rc4 43. Kg5 Rc3 44. Ra7+ Kg8 45. g4 Kh7 46. h6 Rc5+ 47. f5 Kh8 48. hxg7+ Kh7 49. g8=Q+ Kxg8 50. Kg6 Rc6+ 51. f6 Rc8 52. Rg7+ Kh8 53. Rh7+ 1-0


[Site "https://www.chess.com"]

[Event "Titled Tuesday Blitz July 25 Early 2023"]
[White "Khusenkhojaev, Muhammad"]
[Black "TomLiu777"]
[WhiteFideId "14700247"]
[WhiteElo "2620"]
[BlackElo "2382"]
[Result "0-1"]
[Round "6"]
[TimeControl "180+2"]
[Date "2023.07.25"]
[WhiteClock "0:00:12"]
[BlackClock "0:00:03"]
[Board "97"]

1. e4 e6 2. d4 d5 3. Nd2 Be7 4. Ngf3 Nf6 5. e5 Nfd7 6. Bd3 c5 7. c3 a5 8. O-O Nc6 9. b3 cxd4 10. cxd4 b6 11. Qe2 Nb4 12. Bb5 Ba6 13. a3 Bxb5 14. Qxb5 Na6 15. Bb2 Nc7 16. Qc6 O-O 17. Rfc1 Rc8 18. Qb7 Nb5 19. a4 Rb8 20. Qa6 Nc7 21. Qa7 Rc8 22. Rc6 Ne8 23. Rac1 Rxc6 24. Rxc6 g5 25. Qb7 Bb4 26. h3 h5 27. Bc3 g4 28. hxg4 hxg4 29. Bxb4 axb4 30. Ne1 Kg7 31. Nf1 Rh8 32. Ng3 Qe7 33. Nc2 Qg5 34. Ne3 Nf8 35. Rc8 Ng6 36. Qc6 Ne7 37. Qc1 Nxc8 38. Qxc8 Nd6 39. Qc1 Ne4 40. Nxe4 dxe4 41. Qd1 Qh5 42. Qxg4+ Qxg4 43. Nxg4 Rc8 44. Nf6 Rc3 45. d5 exd5 46. Nxd5 Rxb3 47. Nxb6 Rb1+ 48. Kh2 b3 49. a5 Rc1 50. Nc4 Rxc4 0-1


[Site "https://www.chess.com"]

[Event "Titled Tuesday Blitz July 25 Early 2023"]
[White "Girinath, P.D.S."]
[Black "Parpiev, Isaak"]
[WhiteFideId "5000572"]
[BlackFideId "34281576"]
[WhiteElo "2369"]
[BlackElo "2618"]
[Result "1-0"]
[Round "6"]
[TimeControl "180+2"]
[Date "2023.07.25"]
[WhiteClock "0:00:07"]
[BlackClock "0:00:02"]
[Board "98"]

1. e4 c6 2. d3 d5 3. Nd2 g6 4. Ngf3 Bg7 5. g3 e5 6. Bg2 Ne7 7. O-O O-O 8. b4 a5 9. bxa5 Rxa5 10. Bb2 Nd7 11. Re1 d4 12. Nc4 Ra8 13. c3 dxc3 14. Bxc3 Qc7 15. d4 exd4 16. Bxd4 f6 17. a4 c5 18. Bc3 Nb6 19. Qb3 Nxc4 20. Qxc4+ Kh8 21. e5 f5 22. e6 Bxc3 23. Qxc3+ Kg8 24. Ng5 Qa5 25. Qe5 c4 26. Qd6 Qd8 27. Qe5 Ra5 28. Qc3 Rc5 29. Nf7 Rxf7 30. exf7+ Kxf7 31. Rad1 Qc7 32. Qh8 Rc6 33. Rd8 Re6 34. Rf8# 1-0


[Site "https://www.chess.com"]

[Event "Titled Tuesday Blitz July 25 Early 2023"]
[White "Matko, Ognjen"]
[Black "Pinero Rodriguez, Carlos Jose"]
[WhiteFideId "14509717"]
[BlackFideId "3901726"]
[WhiteElo "2351"]
[BlackElo "2612"]
[Result "0-1"]
[Round "6"]
[TimeControl "180+2"]
[Date "2023.07.25"]
[WhiteClock "0:00:00"]
[BlackClock "0:00:32"]
[Board "99"]

1. f4 c5 2. Nf3 e6 3. g3 b6 4. e4 Bb7 5. Nc3 Nf6 6. e5 Ng8 7. Bg2 d5 8. d4 Nc6 9. Ne2 h5 10. O-O Nh6 11. c3 Nf5 12. a3 Be7 13. b4 cxd4 14. Nexd4 Ncxd4 15. Nxd4 g6 16. Nxf5 gxf5 17. c4 Rc8 18. cxd5 Bxd5 19. Bxd5 Qxd5 20. Qxd5 exd5 21. Bb2 Rc2 22. Rf2 Rxf2 23. Kxf2 h4 24. Rd1 hxg3+ 25. Kxg3 Rg8+ 26. Kf3 Rh8 27. Kg3 Bh4+ 28. Kf3 Be7 29. Kg3 Kd7 30. Rxd5+ Ke6 31. Rd2 Rg8+ 32. Kf3 Rg1 33. Rg2 Rf1+ 34. Rf2 Rh1 35. Rc2 Rb1 36. Kg3 Kd5 37. Kf3 Bh4 38. Rd2+ Kc4 39. Re2 Rf1+ 40. Ke3 Rd1 41. Kf3 Kb3 42. Kg2 Rd3 43. e6 fxe6 44. Be5 Kxa3 45. b5 Kb4 46. Ra2 Kxb5 47. Rxa7 Kc6 48. Rc7+ Kd5 49. Rd7+ Ke4 50. Rxd3 Kxd3 51. Kf3 b5 52. Bd6 Be1 53. Be7 b4 54. h4 b3 0-1


[Site "https://www.chess.com"]

[Event "Titled Tuesday Blitz July 25 Early 2023"]
[White "Senft, Sean"]
[Black "Agibileg, Uurtsaikh"]
[WhiteFideId "2044960"]
[BlackFideId "4901606"]
[WhiteElo "2308"]
[BlackElo "2608"]
[Result "0-1"]
[Round "6"]
[TimeControl "180+2"]
[Date "2023.07.25"]
[WhiteClock "0:00:02"]
[BlackClock "0:00:06"]
[Board "100"]

1. d4 Nf6 2. c4 g6 3. Nc3 Bg7 4. e4 d6 5. f4 O-O 6. Nf3 Bg4 7. Bd3 c5 8. d5 e6 9. O-O exd5 10. exd5 Na6 11. h3 Bxf3 12. Qxf3 Nc7 13. a4 Nd7 14. f5 Ne5 15. Qg3 a6 16. Bg5 f6 17. Bf4 g5 18. Bxe5 dxe5 19. Ne4 Ne8 20. Nxc5 Qb6 21. Qf2 Nd6 22. Ne6 Qb3 23. c5 Qxd3 24. cxd6 Rf7 25. Rfd1 Qb3 26. Rac1 Qxa4 27. Rd2 Bf8 28. Qb6 Rd7 29. Nc5 Qf4 30. Nxd7 Qxd2 31. Rc7 Bg7 32. Nxf6+ Bxf6 33. d7 Bd8 34. Qe6+ Kg7 35. Qxe5+ Kh6 36. Rc8 Bb6+ 37. Kh2 Qf2 38. Rxa8 Qg1+ 39. Kg3 Qf2+ 40. Kh2 Qg1+ 41. Kg3 Qe1+ 42. Kf3 Qxe5 43. d8=Q Qxf5+ 44. Ke2 Bxd8 45. Rxd8 Qe5+ 46. Kf2 Qf6+ 47. Kg1 Qxd8 0-1


[Site "https://www.chess.com"]

[Event "Titled Tuesday Blitz July 25 Early 2023"]
[White "Nurgaliyeva, Zarina"]
[Black "Thiel, Thomas"]
[WhiteFideId "13730096"]
[BlackFideId "4615964"]
[WhiteElo "2608"]
[BlackElo "2275"]
[Result "1-0"]
[Round "6"]
[TimeControl "180+2"]
[Date "2023.07.25"]
[WhiteClock "0:01:42"]
[BlackClock "0:01:25"]
[Board "101"]

1. e4 d5 2. exd5 Nf6 3. d4 Nxd5 4. c4 Nb6 5. Nf3 g6 6. c5 Nd5 7. Nc3 Bg7 8. Bc4 Nxc3 9. bxc3 O-O 10. O-O Nc6 11. Re1 Bg4 12. Bg5 h6 13. Bh4 g5 14. Bg3 e5 15. d5 Na5 16. Bb3 Nxb3 17. Qxb3 Bxf3 18. gxf3 b6 19. cxb6 axb6 20. Bxe5 Bxe5 21. Rxe5 Qd6 22. Rae1 Ra3 23. Qc2 Rfa8 24. Re8+ Rxe8 25. Rxe8+ Kg7 26. Qe4 Rxc3 27. Qd4+ Qf6 28. Rg8+ Kxg8 29. Qxf6 1-0


[Site "https://www.chess.com"]

[Event "Titled Tuesday Blitz July 25 Early 2023"]
[White "Smietanska, Wiktoria"]
[Black "Sipila, Vilka"]
[WhiteFideId "21869359"]
[BlackFideId "505455"]
[WhiteElo "2252"]
[BlackElo "2606"]
[Result "0-1"]
[Round "6"]
[TimeControl "180+2"]
[Date "2023.07.25"]
[WhiteClock "0:00:00"]
[BlackClock "0:01:56"]
[Board "102"]

1. c4 f5 2. Nc3 Nf6 3. g3 g6 4. Bg2 Bg7 5. e3 O-O 6. Nge2 e5 7. O-O d6 8. d3 c6 9. b4 Nh5 10. Qb3 f4 11. exf4 exf4 12. Nxf4 Nxf4 13. Bxf4 Rxf4 14. gxf4 Nd7 15. c5+ d5 16. Nxd5 cxd5 17. Qxd5+ Kh8 18. Rac1 Qf8 19. c6 bxc6 20. Qxc6 Rb8 21. Qc7 Bd4 22. Rc4 Bb6 23. Qc6 Nf6 24. d4 Bd7 25. Qf3 Bb5 26. Rfc1 Bxc4 27. Rxc4 Rd8 28. Qc3 Qd6 29. d5 Kg7 30. a4 Rd7 31. a5 Bd8 32. b5 Kh6 33. Rc8 Nxd5 34. Qh3+ Kg7 35. Bxd5 Qxd5 36. Qc3+ Bf6 0-1


[Site "https://www.chess.com"]

[Event "Titled Tuesday Blitz July 25 Early 2023"]
[White "Castaneda, Jhon David"]
[Black "Mishra, Manoj"]
[WhiteFideId "4405048"]
[BlackFideId "5006007"]
[WhiteElo "2602"]
[BlackElo "2200"]
[Result "0-1"]
[Round "6"]
[TimeControl "180+2"]
[Date "2023.07.25"]
[WhiteClock "0:00:00"]
[BlackClock "0:00:10"]
[Board "103"]

1. d4 Nf6 2. Nf3 g6 3. c4 Bg7 4. Nc3 O-O 5. e4 d6 6. Be2 e5 7. Be3 exd4 8. Nxd4 c6 9. Nc2 Re8 10. f3 Nbd7 11. Qxd6 Nh5 12. g4 Be5 13. Qd2 Qh4+ 14. Bf2 Bg3 15. Bd3 Ne5 16. Bxg3 Nxg3 17. O-O-O Nxh1 18. Rxh1 Rd8 19. Ne1 Be6 20. Qe2 Nxd3+ 21. Nxd3 Bxc4 22. Qf2 Qh6+ 23. g5 Qxg5+ 24. f4 Qe7 25. Ne5 Bd3 26. Qe3 Bb5 27. Rg1 f6 28. Nxg6 hxg6 29. Rxg6+ Kf7 30. f5 Rg8 31. Qg3 Qe5 32. Qh4 Rxg6 33. fxg6+ Kxg6 34. Kc2 Qg5 35. Qh3 Rd8 36. Kb3 Rd2 37. Qe6 c5 38. Nxb5 c4+ 39. Qxc4 Qe3+ 40. Nc3 Qb6+ 0-1


[Site "https://www.chess.com"]

[Event "Titled Tuesday Blitz July 25 Early 2023"]
[White "LangesNasenhaar"]
[Black "Molina, Roberto Junio Brito"]
[BlackFideId "2109450"]
[WhiteElo "2489"]
[BlackElo "2864"]
[Result "0-1"]
[Round "6"]
[TimeControl "180+2"]
[Date "2023.07.25"]
[WhiteClock "0:00:00"]
[BlackClock "0:00:26"]
[Board "104"]

1. d4 Nf6 2. Nc3 d5 3. Bf4 a6 4. e3 c5 5. dxc5 Nc6 6. Nf3 Bg4 7. h3 Bxf3 8. Qxf3 e6 9. Bg5 Bxc5 10. Bxf6 Qxf6 11. Qxf6 gxf6 12. Bd3 f5 13. O-O O-O-O 14. a3 Be7 15. Ne2 b5 16. c3 Ne5 17. Rfd1 Kc7 18. a4 Kb6 19. Nd4 b4 20. cxb4 Bxb4 21. Nf3 Nxf3+ 22. gxf3 Rhg8+ 23. Kf1 a5 24. Ke2 Rg2 25. Rg1 Rdg8 26. Rxg2 Rxg2 27. Rc1 Kb7 28. Rh1 h5 29. f4 Rg8 30. Rc1 Bd6 31. Bb5 Be7 32. Kf3 Bf6 33. b3 Be7 34. Be2 h4 35. Bb5 Ba3 36. Ra1 Bb2 37. Rb1 Bc3 38. Rd1 Kb6 39. Rd3 Bf6 40. Rd1 Rc8 41. Rg1 Rc2 42. Rg8 Bc3 43. Rg1 Kc5 44. Rg8 Kb4 45. Rf8 Be1 46. Be2 Rc7 47. Rb8+ Ka3 48. Rb5 Bb4 49. Rb6 Kxb3 50. Bb5 Kc3 51. Rb8 Kd2 52. Rh8 Ke1 53. Rxh4 Rc2 54. Rh7 Rxf2+ 55. Kg3 d4 56. exd4 Bd6 57. Rxf7 Bxf4+ 0-1


[Site "https://www.chess.com"]

[Event "Titled Tuesday Blitz July 25 Early 2023"]
[White "Kaasen, Tor Fredrik"]
[Black "Onufrienko, Vladislav"]
[WhiteFideId "1516647"]
[BlackFideId "13804332"]
[WhiteElo "2808"]
[BlackElo "2488"]
[Result "1-0"]
[Round "6"]
[TimeControl "180+2"]
[Date "2023.07.25"]
[WhiteClock "0:00:07"]
[BlackClock "0:00:00"]
[Board "105"]

1. e4 Nf6 2. e5 Nd5 3. d4 d6 4. Nf3 dxe5 5. Nxe5 Nd7 6. Nf3 N7f6 7. Bd3 Bg4 8. h3 Bh5 9. O-O e6 10. Re1 Be7 11. a3 O-O 12. Be2 c5 13. dxc5 Bxc5 14. Ne5 Bxe2 15. Qxe2 Qe7 16. c4 Nb6 17. Nd2 Rfd8 18. Ndf3 h6 19. b4 Bd4 20. Bb2 Bxb2 21. Qxb2 Nbd7 22. c5 Nxe5 23. Nxe5 Rd5 24. Rac1 Nd7 25. Nc4 Nf6 26. a4 Rad8 27. a5 Rd4 28. Nd6 Rd5 29. Rcd1 b6 30. Rxd5 Nxd5 31. Qd4 Nxb4 32. Qxb4 bxc5 33. Qxc5 Rxd6 34. g3 Qd7 35. Rc1 Rd5 36. Qc3 g6 37. Rb1 Rd1+ 38. Rxd1 Qxd1+ 39. Kg2 Qd5+ 40. Kh2 Qb7 41. h4 h5 42. Qf6 Qd5 43. Qc3 Qb7 44. Qc5 Qd7 45. Kg1 Kg7 46. Qc3+ f6 47. Qc5 e5 48. Kh2 Kf7 49. Qc4+ Ke7 50. Qc5+ Ke6 51. Qc4+ Kd6 52. Qa6+ Ke7 53. Qc4 Qb7 54. Qg8 1-0


[Site "https://www.chess.com"]

[Event "Titled Tuesday Blitz July 25 Early 2023"]
[White "Kirillov, Dmitry"]
[Black "Nazari, Arad"]
[WhiteFideId "34180572"]
[BlackFideId "12577324"]
[WhiteElo "2487"]
[BlackElo "2767"]
[Result "0-1"]
[Round "6"]
[TimeControl "180+2"]
[Date "2023.07.25"]
[WhiteClock "0:01:29"]
[BlackClock "0:01:41"]
[Board "106"]

1. Nf3 c5 2. e3 g6 3. d4 Bg7 4. dxc5 Qa5+ 5. Bd2 Qxc5 6. Bc3 Nf6 7. Nbd2 O-O 8. Nb3 Qc7 9. Be2 b6 10. O-O Bb7 11. a4 a6 12. Bb4 d6 13. a5 b5 14. Nbd4 Nc6 15. Nxc6 Qxc6 16. c3 Nd5 17. Nd4 Bxd4 18. Qxd4 Nxb4 19. Bf3 Nd5 20. Rfd1 e6 21. b3 Rac8 22. Rac1 Qd7 23. c4 Ne7 24. Qxd6 Qxd6 25. Rxd6 Bxf3 26. gxf3 bxc4 27. bxc4 Rc6 28. Rxc6 Nxc6 29. Rb1 Nxa5 30. Ra1 Nxc4 31. Rxa6 Rd8 0-1


[Site "https://www.chess.com"]

[Event "Titled Tuesday Blitz July 25 Early 2023"]
[White "Nasuta, Grzegorz"]
[Black "Michalczak, Thomas"]
[WhiteFideId "1141686"]
[BlackFideId "4622634"]
[WhiteElo "2695"]
[BlackElo "2478"]
[Result "1-0"]
[Round "6"]
[TimeControl "180+2"]
[Date "2023.07.25"]
[WhiteClock "0:00:09"]
[BlackClock "0:00:18"]
[Board "107"]

1. e4 e5 2. Nf3 Nc6 3. Bc4 Nf6 4. d3 Bc5 5. O-O h6 6. c3 a5 7. d4 Ba7 8. dxe5 Ng4 9. Qd5 O-O 10. h3 Nxf2 11. Rxf2 Bxf2+ 12. Kxf2 Ne7 13. Qd4 b5 14. Bxb5 Rb8 15. Be2 d6 16. exd6 cxd6 17. b3 Nc6 18. Qd3 Qf6 19. Ba3 Rd8 20. Nd2 Ne5 21. Qd4 Bb7 22. Rf1 Qe6 23. c4 Ng6 24. Bb2 f6 25. Qe3 a4 26. Nd4 Qd7 27. Bg4 Qe7 28. Be6+ Kh8 29. Bd5 Bxd5 30. exd5 Ne5 31. N2f3 axb3 32. axb3 Re8 33. Nxe5 dxe5 34. Nc6 Qd7 35. Nxb8 Rxb8 36. Kg1 Qb7 37. Bc1 Ra8 38. Rd1 Ra2 39. Qf3 Qb6+ 40. Kh1 Qd6 41. Be3 Rb2 42. c5 Qd8 43. d6 Rxb3 44. c6 e4 45. Qxe4 Rc3 46. d7 f5 47. Qe8+ Qxe8 48. dxe8=Q+ Kh7 49. Qe5 Rc4 50. Qxf5+ g6 51. Qf7+ 1-0


[Site "https://www.chess.com"]

[Event "Titled Tuesday Blitz July 25 Early 2023"]
[White "Yeritsyan, Hayk"]
[Black "Timerkhanov, Alexander"]
[WhiteFideId "13307320"]
[BlackFideId "24177938"]
[WhiteElo "2470"]
[BlackElo "2668"]
[Result "1-0"]
[Round "6"]
[TimeControl "180+2"]
[Date "2023.07.25"]
[WhiteClock "0:01:19"]
[BlackClock "0:01:05"]
[Board "108"]

1. Nf3 d5 2. g3 Bg4 3. Ne5 c6 4. Nxg4 Nd7 5. d4 e6 6. Bg2 h5 7. Ne5 Nxe5 8. dxe5 h4 9. c4 hxg3 10. hxg3 Rxh1+ 11. Bxh1 Bc5 12. cxd5 exd5 13. Nc3 Ne7 14. e4 Qd7 15. exd5 Qh3 16. Qf3 cxd5 17. Nxd5 Nxd5 18. Qxd5 Rd8 19. Qxb7 Qh2 20. Qg2 Bb4+ 21. Ke2 Qh7 22. Qe4 Qh5+ 23. Bf3 Qh3 24. Qxb4 Qd7 25. Bg5 Qd3+ 26. Ke1 f6 27. exf6 Kf7 28. Qe7+ Kg6 29. Be4+ 1-0


[Site "https://www.chess.com"]

[Event "Titled Tuesday Blitz July 25 Early 2023"]
[White "ExchangeAB"]
[Black "Nagare Kaivalya Sandip"]
[BlackFideId "25957929"]
[WhiteElo "2464"]
[BlackElo "2648"]
[Result "0-1"]
[Round "6"]
[TimeControl "180+2"]
[Date "2023.07.25"]
[WhiteClock "0:00:10"]
[BlackClock "0:00:16"]
[Board "109"]

1. d4 Nf6 2. Nc3 d5 3. Bf4 Bf5 4. f3 e6 5. g4 Bg6 6. h4 h5 7. g5 Nfd7 8. e3 Nc6 9. Bd3 Bxd3 10. Qxd3 g6 11. e4 Nb6 12. Nge2 Nb4 13. Qd1 Bd6 14. Bxd6 Qxd6 15. e5 Qd7 16. a3 Nc6 17. b3 Ne7 18. Qd3 O-O 19. a4 a5 20. Nb5 Rac8 21. Ng3 c5 22. Nd6 Rc6 23. c3 c4 24. Qb1 Rxd6 25. exd6 Qxd6 26. Kf2 e5 27. Ne2 Nf5 28. b4 axb4 29. Qxb4 Qxb4 30. cxb4 exd4 31. a5 Nc8 32. Rhd1 d3 33. Nf4 Rd8 34. b5 Ncd6 35. a6 bxa6 36. bxa6 Nb5 37. a7 Ra8 38. Nxd5 Rxa7 39. Rxa7 Nxa7 40. Nb6 Nd6 41. Ke3 Nc6 42. Rc1 Nb4 43. Nxc4 Nf5+ 44. Kf4 Nxh4 45. Ne5 Ng2+ 46. Ke4 d2 47. Rd1 Nh4 48. Rxd2 Nf5 49. Rd8+ Kg7 50. Rd7 Kg8 51. Rxf7 Nd6+ 52. Kf4 Nxf7 53. Nxg6 Nd5+ 54. Kg3 Kg7 55. Ne7 Nxe7 56. Kh4 Kg6 57. f4 Nf5+ 58. Kh3 h4 59. Kg4 N7d6 60. Kh3 Kh5 61. g6 Kxg6 62. Kg4 Ne4 63. Kh3 Kh5 64. Kh2 Kg4 65. Kg2 h3+ 66. Kh2 Nh4 67. Kh1 Kg3 68. f5 h2 69. f6 Nf2# 0-1


[Site "https://www.chess.com"]

[Event "Titled Tuesday Blitz July 25 Early 2023"]
[White "Tologon tegin, Semetei"]
[Black "Estrada Nieto, Julian"]
[WhiteFideId "13800574"]
[BlackFideId "5101018"]
[WhiteElo "2587"]
[BlackElo "2453"]
[Result "0-1"]
[Round "6"]
[TimeControl "180+2"]
[Date "2023.07.25"]
[WhiteClock "0:00:00"]
[BlackClock "0:00:58"]
[Board "110"]

1. b3 d5 2. Bb2 Nf6 3. e3 Bg4 4. Be2 Bxe2 5. Qxe2 Nbd7 6. f4 c6 7. Nf3 e6 8. d3 Bd6 9. Nbd2 O-O 10. g4 Qe7 11. g5 Ne8 12. h4 Ba3 13. Bd4 Nd6 14. h5 Nb5 15. h6 g6 16. Bg7 Rfc8 17. c4 Nd6 18. e4 Ne8 19. exd5 exd5 20. cxd5 cxd5 21. Qxe7 Bxe7 22. Ke2 Nxg7 23. hxg7 Kxg7 24. Nd4 Re8 25. Kf1 Bb4 26. N2f3 Re3 27. Rd1 Bc5 28. Kf2 Rae8 29. Kg2 Nf8 30. Rd2 Ne6 31. Nxe6+ R8xe6 32. Rc1 Rxf3 33. Kxf3 Be3 34. Rcc2 Bxd2 35. Rxd2 d4 0-1


[Site "https://www.chess.com"]

[Event "Titled Tuesday Blitz July 25 Early 2023"]
[White "Ionescu, Mihai"]
[Black "Sadykov, Ramil"]
[WhiteFideId "1202499"]
[BlackFideId "24113590"]
[WhiteElo "2439"]
[BlackElo "2575"]
[Result "0-1"]
[Round "6"]
[TimeControl "180+2"]
[Date "2023.07.25"]
[WhiteClock "0:00:02"]
[BlackClock "0:00:18"]
[Board "111"]

1. Nf3 Nf6 2. c4 e6 3. g3 d5 4. d4 Bb4+ 5. Bd2 Be7 6. Bg2 O-O 7. O-O Nbd7 8. Qc2 c6 9. Rd1 b6 10. Bf4 a5 11. Nc3 Ba6 12. b3 Rc8 13. Nd2 c5 14. dxc5 Rxc5 15. Be3 Rc8 16. Qd3 Ng4 17. Nb5 Nde5 18. Qd4 Bc5 19. Qf4 Nxe3 20. fxe3 Ng6 21. Qf3 Bxb5 22. cxb5 Qg5 23. Nf1 h5 24. h4 Qe5 25. Rac1 Ba3 26. Rxc8 Rxc8 27. Nd2 Rc2 28. Nf1 0-1


[Site "https://www.chess.com"]

[Event "Titled Tuesday Blitz July 25 Early 2023"]
[White "Valgmae, Toomas"]
[Black "Trifan, Andrei Ioan"]
[WhiteFideId "4502523"]
[BlackFideId "12967068"]
[WhiteElo "2438"]
[BlackElo "2572"]
[Result "0-1"]
[Round "6"]
[TimeControl "180+2"]
[Date "2023.07.25"]
[WhiteClock "0:01:18"]
[BlackClock "0:00:42"]
[Board "112"]

1. d4 Nf6 2. c4 g6 3. Nc3 Bg7 4. e4 O-O 5. f3 d6 6. Be3 a5 7. Qd2 e5 8. Nge2 exd4 9. Nxd4 Nc6 10. Be2 Re8 11. O-O Nd7 12. Rad1 Nde5 13. Nd5 Be6 14. Bg5 f6 15. Nxe6 Rxe6 16. Be3 Re8 17. f4 Nd7 18. Bf3 Nc5 19. Qc2 Qc8 20. Rfe1 Nb4 21. Nxb4 axb4 22. b3 Ra6 23. Bd4 Qa8 24. Rd2 Ne6 25. Be3 f5 26. exf5 Nd4 27. Qd1 Nxf5 28. Bf2 c5 29. Rde2 Rxe2 30. Qxe2 Rxa2 31. Qe6+ Kh8 32. Qxd6 Nxd6 0-1


[Site "https://www.chess.com"]

[Event "Titled Tuesday Blitz July 25 Early 2023"]
[White "Manukian, Artak"]
[Black "Vlassov, Nikolai"]
[WhiteFideId "13301373"]
[BlackFideId "4103360"]
[WhiteElo "2436"]
[BlackElo "2566"]
[Result "1/2-1/2"]
[Round "6"]
[TimeControl "180+2"]
[Date "2023.07.25"]
[WhiteClock "0:00:12"]
[BlackClock "0:00:05"]
[Board "113"]

1. e4 c5 2. Nf3 d6 3. Bb5+ Nd7 4. O-O Nf6 5. Re1 e6 6. c3 Be7 7. d4 O-O 8. e5 dxe5 9. dxe5 Nd5 10. Qe2 Qc7 11. h4 Rd8 12. Bg5 Nf8 13. Nbd2 a6 14. Bd3 b5 15. Ne4 Bxg5 16. Nexg5 Nf4 17. Bxh7+ Nxh7 18. Qe4 Nxg5 19. Nxg5 Ng6 20. h5 Bb7 21. hxg6 Bxe4 22. gxf7+ Qxf7 23. Nxf7 Kxf7 24. Rxe4 Rd2 25. a4 Rxb2 26. axb5 Rxb5 27. Rea4 Rb3 28. Rxa6 Rxa6 29. Rxa6 Rxc3 30. Rc6 c4 31. f4 Rc2 32. g4 c3 33. Kf1 g5 34. fxg5 Kg6 35. Rxe6+ Kxg5 36. Rc6 Kxg4 37. e6 Kf3 38. Kg1 Kg3 39. Kf1 Kf3 40. Kg1 Kg3 41. Kf1 Kf3 1/2-1/2


[Site "https://www.chess.com"]

[Event "Titled Tuesday Blitz July 25 Early 2023"]
[White "Richter, Nils"]
[Black "Rosh Jain"]
[WhiteFideId "12990809"]
[BlackFideId "25789465"]
[WhiteElo "2563"]
[BlackElo "2436"]
[Result "1-0"]
[Round "6"]
[TimeControl "180+2"]
[Date "2023.07.25"]
[WhiteClock "0:01:05"]
[BlackClock "0:00:00"]
[Board "114"]

1. d4 Nf6 2. Nc3 d5 3. Bf4 e6 4. Nb5 Na6 5. e3 c6 6. Nc3 c5 7. Nb5 c4 8. c3 Qb6 9. a4 Bd7 10. b3 Bxb5 11. axb5 Qxb5 12. bxc4 dxc4 13. Nf3 Nd5 14. Ne5 Nxf4 15. exf4 Rc8 16. Be2 Bd6 17. O-O O-O 18. Qd2 f6 19. Rfb1 Qe8 20. Nxc4 Be7 21. Rxb7 Nb8 22. Raxa7 Nc6 23. Nd6 Qg6 24. Nxc8 Rxc8 25. Rxe7 Nxe7 26. Rxe7 Qb1+ 27. Bf1 Qb6 28. Qe3 Rc6 29. d5 exd5 30. Qxb6 Rxb6 31. Rd7 Rc6 32. Rxd5 Rxc3 33. Rd3 Rc1 34. Rf3 Kf7 35. g3 Kg6 36. Kg2 Rc8 37. Bd3+ Kf7 38. h4 Rd8 39. Re3 g6 40. Be2 f5 41. h5 Kf6 42. hxg6 hxg6 43. Bc4 Rd2 44. Re6+ Kg7 45. Re7+ Kh8 46. Bf7 Kg7 47. Be8+ Kh6 48. Re6 Kh5 49. Kh3 Rxf2 50. Bxg6+ Kh6 51. Bxf5+ Kg7 52. Kg4 Rf1 53. Rg6+ Kf7 54. Rd6 Re1 55. Kg5 Re8 56. Rd7+ Kg8 57. g4 Kh8 58. Kh6 Kg8 59. g5 Rf8 60. g6 1-0


[Site "https://www.chess.com"]

[Event "Titled Tuesday Blitz July 25 Early 2023"]
[White "ZugZwang1201"]
[Black "NovoselovRoman"]
[WhiteElo "2431"]
[BlackElo "2561"]
[Result "1-0"]
[Round "6"]
[TimeControl "180+2"]
[Date "2023.07.25"]
[WhiteClock "0:00:15"]
[BlackClock "0:00:00"]
[Board "115"]

1. e4 c6 2. d4 d5 3. Nc3 dxe4 4. Nxe4 Nf6 5. Ng3 h5 6. h4 g6 7. Bg5 Bg7 8. Qd2 Be6 9. N1e2 Nd5 10. c4 Nb6 11. b3 a5 12. Rd1 a4 13. Nf4 Qd7 14. Nxe6 Qxe6+ 15. Be2 N8d7 16. O-O f6 17. Be3 O-O 18. Qc2 f5 19. Bf4 Qf6 20. Rfe1 Qxh4 21. Bc7 Rac8 22. Bxb6 Nxb6 23. bxa4 Bxd4 24. Nh1 c5 25. a5 Nd7 26. g3 Qf6 27. Bf3 Rc7 28. Rb1 Qa6 29. Bd5+ Kg7 30. Rxe7+ Kh8 31. Qd2 Bg7 32. Rbe1 Qd6 33. R1e6 Ne5 34. Rxd6 Rxe7 35. Qg5 Ree8 36. Rxg6 Nxg6 37. Qxh5+ 1-0


[Site "https://www.chess.com"]

[Event "Titled Tuesday Blitz July 25 Early 2023"]
[White "Garv Gaur"]
[Black "Krzywda, Andrzej"]
[WhiteFideId "45030839"]
[BlackFideId "1114565"]
[WhiteElo "2556"]
[BlackElo "2430"]
[Result "1-0"]
[Round "6"]
[TimeControl "180+2"]
[Date "2023.07.25"]
[WhiteClock "0:00:11"]
[BlackClock "0:00:00"]
[Board "116"]

1. Nf3 d5 2. d3 c5 3. Nbd2 Nc6 4. e4 e5 5. exd5 Qxd5 6. Nc4 Bd6 7. Ng5 Bc7 8. Be2 Qd7 9. Ne4 b6 10. c3 Nge7 11. Be3 Bb7 12. Qa4 Nd5 13. Bxc5 bxc5 14. Nxc5 Qc8 15. Bf3 Ne7 16. b4 O-O 17. Nxb7 Qxb7 18. b5 Rad8 19. bxc6 Qc8 20. Rd1 Qf5 21. Be4 Qg5 22. Qxa7 Rc8 23. Qe3 Qh5 24. Bf3 Qf5 25. O-O Ng6 26. Rfe1 Rfe8 27. h3 Nf4 28. Bg4 Qg6 29. Qe4 Qg5 30. g3 h5 31. Bxc8 Rxc8 32. Nxe5 Nxh3+ 33. Kg2 Re8 34. Nf3 Qg6 35. Qxg6 1-0


[Site "https://www.chess.com"]

[Event "Titled Tuesday Blitz July 25 Early 2023"]
[White "Pandey Srishti"]
[Black "Galiot, Goran"]
[WhiteFideId "35093290"]
[BlackFideId "931560"]
[WhiteElo "2419"]
[BlackElo "2552"]
[Result "0-1"]
[Round "6"]
[TimeControl "180+2"]
[Date "2023.07.25"]
[WhiteClock "0:00:55"]
[BlackClock "0:00:26"]
[Board "117"]

1. e4 c5 2. Nf3 e6 3. d4 cxd4 4. Nxd4 Nf6 5. Nc3 Nc6 6. Be3 Bb4 7. Nxc6 bxc6 8. e5 Nd5 9. Bd2 O-O 10. Qg4 f5 11. exf6 Qxf6 12. Nxd5 Bxd2+ 13. Kxd2 Qxf2+ 14. Be2 cxd5 15. Raf1 Qc5 16. Rxf8+ Qxf8 17. Rf1 Qe7 18. Bd3 Bb7 19. h4 a5 20. h5 Qb4+ 21. Qxb4 axb4 22. Ra1 e5 23. a4 e4 24. Be2 Kf7 25. b3 Ke7 26. Ke3 Rc8 27. a5 Rxc2 28. a6 Ba8 29. a7 Kd6 30. Ra6+ Ke5 31. Rb6 d4+ 32. Kf2 d3 33. Rb5+ Kd6 34. Rb8 Rxe2+ 35. Kf1 Bd5 36. a8=Q Bxa8 37. Rxa8 Rb2 38. Re8 Kd5 39. Re7 d6 40. Rxg7 e3 41. Rxh7 Rb1# 0-1


[Site "https://www.chess.com"]